 Dungeon Crawl Stone Soup version 0.22-a0-605-g9281fa2407 (webtiles) character file.

282 MirrMurr the Cutter (level 6, -1/58 HPs)
             Began as a Kobold Berserker on July 8, 2018.
             Was a Believer of Trog.
             Slain by an orc
             ... wielding a +0 mace
              (4 damage)
             ... on level 3 of the Dungeon.
             The game lasted 00:04:17 (1667 turns).

MirrMurr the Cutter (Kobold Berserker)              Turns: 1667, Time: 00:04:17

Health: -1/58      AC:  5    Str: 21    XL:     6   Next: 53%
Magic:  6/6        EV: 14    Int:  8    God:    Trog [**....]
Gold:   113        SH:  4    Dex: 15    Spells: 5/5 levels left

rFire    + . .     SeeInvis .   a - +0 short sword
rCold    . . .     Gourm    .   p - +0 buckler
rNeg     . . .     Faith    .   e - +0 ring mail
rPois    .         Spirit   .   (no helmet)
rElec    .         Reflect  .   (no cloak)
rCorr    .         Harm     .   (no gloves)
MR       .....                  (no boots)
Stlth    ..........             (no amulet)
HPRegen  0.19/turn              m - ring of protection from fire
MPRegen  0.10/turn              (no ring)

@: berserking, very quick
A: small, carnivore
a: Berserk, Trog's Hand, Renounce Religion


You were on level 3 of the Dungeon.
You worshipped Trog.
Trog was pleased with you.
You were very full.

You visited 1 branch of the dungeon, and saw 3 of its levels.

You collected 113 gold pieces.

Inventory:

Hand Weapons
 a - a +0 short sword (weapon)
 n - a +0 hunting sling
 q - a +0 hunting sling
Missiles
 f - 34 stones (quivered)
Armour
 e - a +0 ring mail (worn)
 p - a +0 buckler (worn)
Jewellery
 m - a ring of protection from fire (left hand)
Scrolls
 g - 4 scrolls of teleportation
 r - a scroll of blinking {unknown}
Potions
 b - a potion of resistance {unknown}
 d - a potion of agility {unknown}
 h - a potion of flight
 j - a potion of might
 k - a potion of mutation {unknown}
 l - a potion of berserk rage {unknown}
 o - a potion of magic {unknown}
Comestibles
 c - 6 rations
 i - 3 chunks of flesh


   Skills:
 + Level 4.4 Fighting
 * Level 6.5 Short Blades
 - Level 2.5 Armour
 + Level 3.9 Dodging
 + Level 0.5 Shields


You had 5 spell levels left.
You didn't know any spells.
Your spell library was empty.

Dungeon Overview and Level Annotations

Branches:
Dungeon (3/15)

Altars:


Innate Abilities, Weirdness & Mutations

You are small and have problems with some larger weapons.
You are carnivorous and can eat meat at any time.


Message History

You hit the orc.
The orc is almost dead.
You hit the orc.
You feel the power of Trog in you as your rage grows.
You kill the orc!
Trog accepts your kill. The orc hits you but does no damage.
Items here: ) ? [ † a dagger; a ring mail; a scroll of immolation; an orc corpse You hit the orc.
The orc is lightly wounded.
You barely miss the orc.
The orc is lightly wounded.
The orc hits you but does no damage.
You barely miss the orc.
The orc is lightly wounded.
You hit the orc but do no damage.
The orc is lightly wounded.
The orc hits you with a mace.
You die...

# #.# #...#.. #
#.# #...###
###.######...#####
.##..).....oo....#
.##..######.####.#
.o#..#.........#.#
#.#..#.####.##.#.#
#....#.# #.##.#o#
##...#.# #.##.#@#
#...#.# #.##.#)#
#...#.# #.##.#.#
....#.# #....#÷#
#.#.##.#########.#
..#.##...........#
#. .##############


You could see an orc.

Vanquished Creatures
  Sigmund (D:2)
  2 orc wizards (D:3)
  3 adders (D:2)
  A worm (D:2)
  A dart slug (D:2)
  4 leopard geckos
  2 orcs (D:3)
  A ball python (D:2)
  3 goblins
  5 hobgoblins
  3 bats (D:2)
  4 frilled lizards
  5 kobolds (D:1)
  5 rats
40 creatures vanquished.

Notes
Turn   | Place    | Note
-------+----------+-------------------------------------------
     0 | D:1      | MirrMurr the Kobold Berserker began the quest for the Orb.
     0 | D:1      | Reached XP level 1. HP: 14/14 MP: 1/1
   315 | D:1      | Reached XP level 2. HP: 15/19 MP: 2/2
   760 | D:2      | Noticed Sigmund
   773 | D:2      | Killed Sigmund
   773 | D:2      | Reached skill level 5 in Short Blades
   773 | D:2      | Reached XP level 3. HP: 24/24 MP: 3/3
   773 | D:2      | Reached XP level 4. HP: 29/29 MP: 4/4
   773 | D:2      | Reached XP level 5. HP: 33/33 MP: 5/5
   839 | D:2      | Reached skill level 6 in Short Blades
   935 | D:2      | Reached XP level 6. HP: 33/38 MP: 6/6
  1157 | D:2      | Reached ** piety under Trog
  1660 | D:3      | HP: 2/58 [orc/dagger (3)]
  1667 | D:3      | Slain by an orc

Vault maps used:
D:1:      onia_arrival_pentagram
D:2:      first_ration, uniq_sigmund
D:3:      minmay_door_path

Skill      XL: |  1  2  3  4  5 |
---------------+----------------+-----
Fighting       | 4 |  4.4
Short Blades   | 5 6 |  6.5
Armour         | 2 |  2.5
Dodging        | 3 |  3.9
Shields        | |  0.5

Action                   |  1- 3 |  4- 6 || total
-------------------------+-------+-------++-------
Melee: Short sword       |    57 |   117 ||   174
Invok: Berserk           |     1 |     1 ||     2
       Trog's Hand       |       |     2 ||     2
  Use: Scroll            |     4 |     3 ||     7
  Eat: Chunk             |     8 |     4 ||    12
Armor: Ring mail         |     7 |    24 ||    31
Dodge: Dodged            |    31 |    65 ||    96
Block: Buckler           |       |    15 ||    15

Table legend:
 A = Spawn XP
 B = Non-spawn XP
 C = Spawn XP percentage of total XP
 D = Spawn monster count
 E = Non-spawn monster count
 F = Spawn count percentage of total count
 G = Total turns spent on level
                    A         B        C        D         E        F      G
               +---------+---------+-------+---------+---------+-------+---------
         Total |       0 |     403 |   0.0 |       0 |      40 |   0.0 |  1667
               +---------+---------+-------+---------+---------+-------+---------
           D:1 |       0 |      28 |   0.0 |       0 |      17 |   0.0 |   688
           D:2 |       0 |     285 |   0.0 |       0 |      15 |   0.0 |   778
           D:3 |       0 |      90 |   0.0 |       0 |       8 |   0.0 |   201
               +---------+---------+-------+---------+---------+-------+---------
